[Event "WTCC-65 2018"]
[Site "Radebeul"]
[Date "2018.07.12"]
[Round "6"]
[White "Titz, Heimo"]
[Black "Klundt, Klaus"]
[Result "1-0"]
[ECO "A15"]
[WhiteElo "2164"]
[BlackElo "2318"]
[Annotator "NA"]
[PlyCount "111"]
[EventDate "2018.07.07"]
[EventType "team-tourn"]
[EventCountry "GER"]
[SourceTitle "playchess.com"]
[Source "ChessBase"]
[SourceQuality "1"]
[TimeControl "40/5400+30:1800+30"]

1. c4 Nf6 2. Nf3 e6 3. d4 d5 4. g3 Bb4+ 5. Bd2 Bd6 6. Bg2 O-O 7. O-O c6 8. cxd5 exd5 9. Bg5 Nbd7 10. Nc3 Re8 11. a3 a5 12. Re1 h6 13. Bxf6 Nxf6 14. Qc2 Be6 15. Rad1 Ne4 16. Nd2 f5 17. f4 Qf6 18. Nf3 Rad8 19. e3 g5 20. Ne5 Qg7 21. Rf1 Rf8 22. a4 Rf6 23. Qe2 Rdf8 24. Bf3 g4 25. Bxe4 fxe4 26. Rf2 h5 27. Kf1 Rh6 28. Ke1 h4 29. Kd2 hxg3 30. hxg3 Rh3 31. Rg1 Rf6 32. Kc2 Bf5 33. Rh2 Rxh2 34. Qxh2 Rh6 35. Qf2 Rh3 36. Rg2 Qh7 37. Qe2 Qh5 38. Nd1 Kf8 39. Nf2 Rh2 40. Qf1 Ke7 41. Qg1 Rxg2 42. Qxg2 c5 43. Kd2 Qh6 44. Qh1 Qxh1 45. Nxh1 Bd7 46. Nxd7 Kxd7 47. dxc5 Bxc5 48. Nf2 Ke6 49. Nxg4 d4 50. exd4 Bxd4 51. b3 Kd5 52. Ne3+ Kc5 53. g4 Bg7 54. g5 Kb4 55. Kc2 Bd4 56. g6 1-0

[Event "WTCC-65 2018"]
[Site "Radebeul"]
[Date "2018.07.12"]
[Round "6"]
[White "Sprotte, Norbert"]
[Black "Karasev, Vladimir I"]
[Result "1/2-1/2"]
[ECO "A46"]
[WhiteElo "2143"]
[BlackElo "2337"]
[Annotator "NA"]
[PlyCount "37"]
[EventDate "2018.07.07"]
[EventType "team-tourn"]
[EventCountry "GER"]
[SourceTitle "playchess.com"]
[Source "ChessBase"]
[SourceQuality "1"]
[TimeControl "40/5400+30:1800+30"]

1. d4 Nf6 2. Nf3 d6 3. Nc3 d5 4. Bf4 e6 5. e3 Bb4 6. Bd3 c5 7. dxc5 Nbd7 8. O-O Bxc3 9. bxc3 Nxc5 10. c4 O-O 11. Ne5 Nxd3 12. cxd3 Ne8 13. cxd5 f6 14. Nf3 e5 15. Bg3 Qxd5 16. e4 Qf7 17. d4 Be6 18. Qa4 b5 19. Qxb5 1/2-1/2

[Event "WTCC-65 2018"]
[Site "Radebeul"]
[Date "2018.07.12"]
[Round "6"]
[White "Malmdin, Nils-Ake"]
[Black "Gundersen, Helge"]
[Result "0-1"]
[ECO "B00"]
[WhiteElo "2138"]
[BlackElo "2089"]
[Annotator "NA"]
[PlyCount "84"]
[EventDate "2018.07.07"]
[EventType "team-tourn"]
[EventCountry "GER"]
[SourceTitle "playchess.com"]
[Source "ChessBase"]
[SourceQuality "1"]
[TimeControl "40/5400+30:1800+30"]

1. e4 Nc6 2. Nc3 e6 3. d4 d5 4. e5 Bb4 5. Qg4 Bf8 6. h4 Nge7 7. Bg5 h6 8. Be3 Nf5 9. O-O-O h5 10. Qe2 Bb4 11. Nb1 a6 12. c3 Be7 13. g3 Na5 14. Nh3 Bd7 15. Qc2 Bb5 16. Bg2 Qd7 17. b3 O-O-O 18. Bf4 Kb8 19. Kb2 Rc8 20. a4 Bc6 21. Nd2 b6 22. Ra1 Bb7 23. b4 Nc6 24. Nb3 a5 25. bxa5 Nxa5 26. Nxa5 bxa5 27. Bf1 c5 28. Bb5 Qc7 29. dxc5 Bxc5 30. Rhc1 d4 31. Rab1 dxc3+ 32. Ka2 Bb4 33. Ng5 Bd5+ 34. Ka1 Ka8 35. Qd3 c2 36. Rxb4 axb4 37. Ne4 Bxe4 38. Qxe4+ Kb8 39. Bd2 Rhd8 40. Qxb4 Rd4 41. Qa5 Qxa5 42. Bxa5 Rd1 0-1

[Event "WTCC-65 2018"]
[Site "Radebeul"]
[Date "2018.07.12"]
[Round "6"]
[White "Steedman, James"]
[Black "Hammar, Bengt"]
[Result "1/2-1/2"]
[ECO "D68"]
[WhiteElo "2132"]
[BlackElo "2159"]
[Annotator "NA"]
[PlyCount "37"]
[EventDate "2018.07.07"]
[EventType "team-tourn"]
[EventCountry "GER"]
[SourceTitle "playchess.com"]
[Source "ChessBase"]
[SourceQuality "1"]
[TimeControl "40/5400+30:1800+30"]

1. d4 d5 2. c4 c6 3. Nc3 Nf6 4. Nf3 e6 5. Bg5 Be7 6. e3 Nbd7 7. Bd3 O-O 8. O-O dxc4 9. Bxc4 Nd5 10. Bxe7 Qxe7 11. Rc1 Nxc3 12. Rxc3 e5 13. Bb3 e4 14. Nd2 Nf6 15. f3 exf3 16. Qxf3 Be6 17. e4 Rad8 18. Bxe6 Qxe6 19. e5 1/2-1/2

[Event "WTCC-65 2018"]
[Site "Radebeul"]
[Date "2018.07.12"]
[Round "6"]
[White "Bosbach, Gerhard"]
[Black "Hohler, Peter"]
[Result "1/2-1/2"]
[ECO "A14"]
[WhiteElo "2119"]
[BlackElo "2073"]
[Annotator "NA"]
[PlyCount "80"]
[EventDate "2018.07.07"]
[EventType "team-tourn"]
[EventCountry "GER"]
[SourceTitle "playchess.com"]
[Source "ChessBase"]
[SourceQuality "1"]
[TimeControl "40/5400+30:1800+30"]

1. c4 Nf6 2. g3 e6 3. Bg2 d5 4. Nf3 Be7 5. O-O O-O 6. b3 c5 7. Bb2 Nc6 8. cxd5 Nxd5 9. Nc3 Nxc3 10. Bxc3 Qc7 11. Qc2 e5 12. Qe4 Bf6 13. Rac1 Be6 14. h4 h6 15. d3 Rad8 16. Qa4 Qd7 17. Rfe1 Bd5 18. Qa3 b6 19. Qb2 Rfe8 20. a3 Nd4 21. b4 Bxf3 22. Bxf3 Nxf3+ 23. exf3 cxb4 24. axb4 Qxd3 25. Re3 Qb5 26. Rce1 a5 27. bxa5 Qxb2 28. Bxb2 bxa5 29. f4 e4 30. Bxf6 gxf6 31. Rxe4 Rxe4 32. Rxe4 Ra8 33. Ra4 f5 34. Kg2 h5 35. Kh3 Kg7 36. f3 Kg6 37. Kg2 Kf6 38. Kh3 Kg6 39. Kg2 Kf6 40. Kh3 Kg6 1/2-1/2

[Event "WTCC-65 2018"]
[Site "Radebeul"]
[Date "2018.07.12"]
[Round "6"]
[White "Woeber, Friedrich"]
[Black "Krauseneck, Peter"]
[Result "1-0"]
[ECO "C00"]
[WhiteElo "2114"]
[BlackElo "2147"]
[Annotator "NA"]
[PlyCount "91"]
[EventDate "2018.07.07"]
[EventType "team-tourn"]
[EventCountry "GER"]
[SourceTitle "playchess.com"]
[Source "ChessBase"]
[SourceQuality "1"]
[TimeControl "40/5400+30:1800+30"]

1. e4 e6 2. d4 b6 3. Nf3 Bb7 4. Bd3 Ne7 5. O-O d6 6. Re1 Nd7 7. c4 e5 8. Nc3 Ng6 9. d5 Be7 10. b4 a5 11. bxa5 Rxa5 12. Be3 O-O 13. g3 Bc8 14. h4 Nf6 15. Nh2 h5 16. Be2 Qd7 17. Bxh5 Nxh5 18. Qxh5 Qh3 19. Nb5 Bd8 20. a4 Bd7 21. Bd2 Ra8 22. Ra3 Bxb5 23. cxb5 Nxh4 24. gxh4 Qxa3 25. Ng4 Qh3 26. Bg5 Rxa4 27. Bxd8 Rxd8 28. Qg5 Rda8 29. Nh6+ Kf8 30. Nf5 Qc3 31. Qxg7+ Ke8 32. Qg8+ Kd7 33. Qxf7+ Kc8 34. Re3 Qc1+ 35. Kg2 Ra1 36. Qe8+ Kb7 37. Qc6+ Ka7 38. Qxc1 Rxc1 39. Ra3+ Kb7 40. Rxa8 Kxa8 41. h5 Kb7 42. h6 Ra1 43. Kg3 Rh1 44. Kg4 Kc8 45. Nh4 Rg1+ 46. Kh5 1-0

[Event "WTCC-65 2018"]
[Site "Radebeul"]
[Date "2018.07.12"]
[Round "6"]
[White "Seibold, Hubert"]
[Black "Gneiss, Karl"]
[Result "1/2-1/2"]
[ECO "B39"]
[WhiteElo "2113"]
[BlackElo "2090"]
[Annotator "NA"]
[PlyCount "72"]
[EventDate "2018.07.07"]
[EventType "team-tourn"]
[EventCountry "GER"]
[SourceTitle "playchess.com"]
[Source "ChessBase"]
[SourceQuality "1"]
[TimeControl "40/5400+30:1800+30"]

1. e4 c5 2. Nf3 g6 3. d4 cxd4 4. Nxd4 Bg7 5. c4 Nc6 6. Be3 Nf6 7. Nc3 Ng4 8. Qxg4 Nxd4 9. Qd1 Ne6 10. Rc1 d6 11. Be2 O-O 12. Qd2 Nc5 13. f3 a5 14. b3 Be6 15. O-O Qb6 16. Nb5 Bd7 17. Nc3 Be6 18. f4 Qb4 19. Nd5 Bxd5 20. exd5 f5 21. Rc2 Ne4 22. Qd3 a4 23. Bf3 axb3 24. Qxb3 Qxb3 25. axb3 Ra3 26. Bxe4 Rxb3 27. Bxf5 gxf5 28. Kf2 Ra8 29. Rd1 Raa3 30. Bd4 Bxd4+ 31. Rxd4 Rc3 32. Rdd2 Kf7 33. Re2 Ke8 34. g3 Kd7 35. Kg2 Re3 36. Rxe3 Rxe3 1/2-1/2

[Event "WTCC-65 2018"]
[Site "Radebeul"]
[Date "2018.07.12"]
[Round "6"]
[White "Illi, Hans-Joerg"]
[Black "Kargoll, Herbert"]
[Result "0-1"]
[ECO "A48"]
[WhiteElo "2063"]
[BlackElo "2230"]
[Annotator "NA"]
[PlyCount "60"]
[EventDate "2018.07.07"]
[EventType "team-tourn"]
[EventCountry "GER"]
[SourceTitle "playchess.com"]
[Source "ChessBase"]
[SourceQuality "1"]
[TimeControl "40/5400+30:1800+30"]

1. d4 Nf6 2. Nf3 g6 3. Bg5 Bg7 4. c3 d6 5. Nbd2 Nbd7 6. e3 h6 7. Bh4 O-O 8. Bc4 Qe8 9. O-O e5 10. dxe5 dxe5 11. e4 Nc5 12. Re1 Nh5 13. Qc2 Nf4 14. Rad1 Bd7 15. Nf1 Bg4 16. Re3 b5 17. Bd5 c6 18. Bb3 g5 19. Bg3 Qe7 20. N1d2 Rad8 21. Qb1 Rd6 22. Bc2 Rfd8 23. b4 Na4 24. Bxa4 bxa4 25. Qc2 Qd7 26. Bxf4 gxf4 27. Re2 Bxf3 28. gxf3 Qh3 29. Kh1 Rg6 30. Rg1 Rxd2 0-1

[Event "WTCC-65 2018"]
[Site "Radebeul"]
[Date "2018.07.13"]
[Round "7"]
[White "Vaisser, Anatoly"]
[Black "Harestad, Thor Geir"]
[Result "1-0"]
[ECO "A59"]
[WhiteElo "2502"]
[BlackElo "2205"]
[Annotator "ChessBase"]
[PlyCount "83"]
[EventDate "2018.07.07"]
[EventType "team-tourn"]
[EventCountry "GER"]
[SourceTitle "playchess.com"]
[Source "ChessBase"]
[SourceQuality "1"]
[TimeControl "40/5400+30:1800+30"]

1. d4 Nf6 2. c4 c5 3. d5 b5 4. cxb5 a6 5. bxa6 d6 6. Nc3 Bxa6 7. Nf3 g6 8. e4 Bxf1 9. Kxf1 Bg7 10. g3 O-O 11. Kg2 Qb6 12. Re1 Nfd7 13. Qe2 Na6 14. Nd2 Qb7 15. Nc4 Nc7 16. a4 Nb6 17. Ne3 Qa6 18. Qc2 Nc4 19. b3 Nxe3+ 20. Bxe3 Rab8 21. Rab1 Qa5 22. Bd2 Qa8 23. Qd3 Rbd8 24. Nd1 f5 25. f3 fxe4 26. fxe4 Ne8 27. Ne3 Nf6 28. Bc3 Bh6 29. Nc4 Qb7 30. Na5 Qd7 31. Nc6 Rde8 32. Bxf6 exf6 33. a5 Rf7 34. a6 Ref8 35. b4 Ra8 36. bxc5 dxc5 37. Rb7 Qd6 38. Reb1 Bf8 39. Rxf7 Kxf7 40. Rb7+ Kg8 41. a7 c4 42. Qxc4 1-0

[Event "WTCC-65 2018"]
[Site "Radebeul"]
[Date "2018.07.13"]
[Round "7"]
[White "Boidman, Yuri"]
[Black "Clara, Hans-Joachim"]
[Result "1-0"]
[ECO "B53"]
[WhiteElo "2358"]
[BlackElo "2289"]
[Annotator "NA"]
[PlyCount "23"]
[EventDate "2018.07.07"]
[EventType "team-tourn"]
[EventCountry "GER"]
[SourceTitle "playchess.com"]
[Source "ChessBase"]
[SourceQuality "1"]
[TimeControl "40/5400+30:1800+30"]

1. e4 c5 2. Nf3 d6 3. d4 cxd4 4. Qxd4 a6 5. Be3 Nf6 6. Nc3 Nc6 7. Qd2 e6 8. O-O-O b5 9. e5 dxe5 10. Qxd8+ Nxd8 11. Nxb5 axb5 12. Bxb5+ 1-0

[Event "WTCC-65 2018"]
[Site "Radebeul"]
[Date "2018.07.13"]
[Round "7"]
[White "Schmidt, Bodo"]
[Black "Romcovici, Victor"]
[Result "1-0"]
[ECO "A97"]
[WhiteElo "2344"]
[BlackElo "2114"]
[Annotator "NA"]
[PlyCount "81"]
[EventDate "2018.07.07"]
[EventType "team-tourn"]
[EventCountry "GER"]
[SourceTitle "playchess.com"]
[Source "ChessBase"]
[SourceQuality "1"]
[TimeControl "40/5400+30:1800+30"]

1. d4 d6 2. Nf3 f5 3. g3 Nf6 4. Bg2 e6 5. O-O Be7 6. c4 O-O 7. Nc3 Qe8 8. Re1 Qh5 9. Qc2 Nc6 10. d5 Nb4 11. Qb3 Na6 12. dxe6 Nc5 13. Qc2 Nxe6 14. Nd5 Bd8 15. Rd1 Ng4 16. h3 Ne5 17. Nd4 Nxd4 18. Rxd4 g5 19. f4 c6 20. fxe5 dxe5 21. Rd1 cxd5 22. Rxd5 e4 23. Be3 Be6 24. Re5 Qg6 25. g4 Bc7 26. gxf5 Bxf5 27. Rd5 h6 28. Rf1 Qe6 29. Rfxf5 Rxf5 30. Bxe4 Rf7 31. Bd4 Bb6 32. c5 Bc7 33. Rf5 Rd8 34. Rxf7 Kxf7 35. Bf5 Qxa2 36. e3 Qd5 37. Bg4 Ke7 38. Qh7+ Qf7 39. Qxh6 Bf4 40. Bh5 g4 41. exf4 1-0

[Event "WTCC-65 2018"]
[Site "Radebeul"]
[Date "2018.07.13"]
[Round "7"]
[White "Renman, Nils-Gustaf"]
[Black "Espig, Lutz"]
[Result "1-0"]
[ECO "E94"]
[WhiteElo "2343"]
[BlackElo "2258"]
[Annotator "NA"]
[PlyCount "67"]
[EventDate "2018.07.07"]
[EventType "team-tourn"]
[EventCountry "GER"]
[SourceTitle "playchess.com"]
[Source "ChessBase"]
[SourceQuality "1"]
[TimeControl "40/5400+30:1800+30"]

1. d4 Nf6 2. c4 d6 3. Nf3 g6 4. Nc3 Nbd7 5. e4 e5 6. Be2 Bg7 7. O-O O-O 8. Qc2 c6 9. Rd1 Qc7 10. Be3 Ng4 11. Bg5 f6 12. Bh4 Nh6 13. b4 f5 14. Be7 Re8 15. dxe5 dxe5 16. Bd6 Qd8 17. c5 Qf6 18. Bc4+ Kh8 19. Qb3 Bf8 20. h4 a5 21. Ng5 axb4 22. Qxb4 Nb8 23. f3 Be7 24. Na4 Na6 25. Qc3 Bxd6 26. Rxd6 Qg7 27. Rad1 fxe4 28. Nb6 Rb8 29. Nxc8 Rbxc8 30. Be6 Rc7 31. Rd8 Qf8 32. Qxe5+ Rg7 33. Rxe8 Qxe8 34. Qf6 1-0

[Event "WTCC-65 2018"]
[Site "Radebeul"]
[Date "2018.07.13"]
[Round "7"]
[White "Karasev, Vladimir I"]
[Black "Woeber, Friedrich"]
[Result "1/2-1/2"]
[ECO "A01"]
[WhiteElo "2337"]
[BlackElo "2114"]
[Annotator "NA"]
[PlyCount "53"]
[EventDate "2018.07.07"]
[EventType "team-tourn"]
[EventCountry "GER"]
[SourceTitle "playchess.com"]
[Source "ChessBase"]
[SourceQuality "1"]
[TimeControl "40/5400+30:1800+30"]

1. b3 e5 2. Bb2 Nc6 3. e3 d6 4. g3 Nf6 5. Bg2 Be7 6. h3 Be6 7. Nf3 h6 8. d3 O-O 9. Nbd2 Nh7 10. d4 exd4 11. Nxd4 Nxd4 12. Bxd4 d5 13. O-O c5 14. Bb2 Bf6 15. c3 Qd7 16. Kh2 a5 17. e4 Rfd8 18. f4 dxe4 19. Nxe4 Bd5 20. Qc2 c4 21. Rad1 Qb5 22. bxc4 Qxc4 23. Rf2 Bxe4 24. Bxe4 Rxd1 25. Bxh7+ Kh8 26. Qxd1 Kxh7 27. Qc2+ 1/2-1/2

[Event "WTCC-65 2018"]
[Site "Radebeul"]
[Date "2018.07.13"]
[Round "7"]
[White "Bellin, Robert"]
[Black "Vogt, Lothar"]
[Result "1/2-1/2"]
[ECO "A48"]
[WhiteElo "2333"]
[BlackElo "2376"]
[Annotator "NA"]
[PlyCount "23"]
[EventDate "2018.07.07"]
[EventType "team-tourn"]
[EventCountry "GER"]
[SourceTitle "playchess.com"]
[Source "ChessBase"]
[SourceQuality "1"]
[TimeControl "40/5400+30:1800+30"]

1. d4 Nf6 2. Nf3 g6 3. Bg5 Bg7 4. Nbd2 O-O 5. c3 d5 6. e3 b6 7. Bd3 Bb7 8. Qb1 Nbd7 9. h3 c5 10. O-O Re8 11. Rd1 Qc8 12. Bf4 1/2-1/2

[Event "WTCC-65 2018"]
[Site "Radebeul"]
[Date "2018.07.13"]
[Round "7"]
[White "Faibisovich, Vadim Z"]
[Black "Titz, Heimo"]
[Result "1-0"]
[ECO "A05"]
[WhiteElo "2312"]
[BlackElo "2164"]
[Annotator "NA"]
[PlyCount "107"]
[EventDate "2018.07.07"]
[EventType "team-tourn"]
[EventCountry "GER"]
[SourceTitle "playchess.com"]
[Source "ChessBase"]
[SourceQuality "1"]
[TimeControl "40/5400+30:1800+30"]

1. Nf3 Nf6 2. c4 c5 3. g3 Nc6 4. Bg2 d6 5. d4 cxd4 6. Nxd4 Bd7 7. O-O g6 8. b3 Bg7 9. Bb2 O-O 10. Nc3 Nxd4 11. Qxd4 Bc6 12. Nd5 Ne8 13. Qd2 Bxb2 14. Qxb2 e6 15. Ne3 Bxg2 16. Kxg2 f5 17. Rad1 Qb6 18. Qd4 Qxd4 19. Rxd4 Rf7 20. Rfd1 Rc7 21. R1d2 a6 22. a4 Rac8 23. Ra2 g5 24. Rdd2 Rg7 25. Nc2 Rcc7 26. Ra1 h5 27. Re1 Rcf7 28. e4 fxe4 29. Rxe4 e5 30. Re1 g4 31. c5 dxc5 32. Rxe5 Nf6 33. Rxc5 Kh7 34. Re2 Re7 35. Rce5 Rxe5 36. Rxe5 Rc7 37. Ne3 Kg6 38. Nd5 Nxd5 39. Rxd5 Rc6 40. b4 Rb6 41. b5 Re6 42. a5 axb5 43. Rxb5 Re7 44. h3 gxh3+ 45. Kxh3 Re2 46. Rb6+ Kf5 47. Rxb7 Ra2 48. Rb5+ Ke4 49. Kh4 Rxf2 50. Kxh5 Ra2 51. g4 Kf4 52. g5 Ra1 53. Kg6 Ke4 54. Kf6 1-0

[Event "WTCC-65 2018"]
[Site "Radebeul"]
[Date "2018.07.13"]
[Round "7"]
[White "Pushkov, Nikolai"]
[Black "Bartsch, Berthold"]
[Result "1-0"]
[ECO "D45"]
[WhiteElo "2311"]
[BlackElo "2248"]
[Annotator "NA"]
[PlyCount "95"]
[EventDate "2018.07.07"]
[EventType "team-tourn"]
[EventCountry "GER"]
[SourceTitle "playchess.com"]
[Source "ChessBase"]
[SourceQuality "1"]
[TimeControl "40/5400+30:1800+30"]

1. d4 Nf6 2. Nf3 e6 3. c4 d5 4. Nc3 c6 5. e3 Nbd7 6. Qc2 Bd6 7. Bd3 dxc4 8. Bxc4 e5 9. O-O exd4 10. exd4 O-O 11. Bg5 Qc7 12. Rfe1 h6 13. Bh4 b5 14. Bb3 Bb7 15. Rac1 Bf4 16. Bg3 Bxg3 17. hxg3 Qb6 18. Ne5 Nxe5 19. dxe5 Nd5 20. Ne4 Rae8 21. Nd6 Re6 22. Qc5 Ba8 23. Bxd5 cxd5 24. Qxb6 axb6 25. Nxb5 f6 26. exf6 Rexf6 27. f3 Bb7 28. Rc7 Ba6 29. Nd4 R8f7 30. Ree7 Rxe7 31. Rxe7 Rf7 32. Rxf7 Kxf7 33. Kf2 g6 34. a4 Ke7 35. g4 Kd6 36. b4 Bc8 37. Ke3 Bd7 38. a5 bxa5 39. bxa5 Kc5 40. g3 Bc8 41. Kd3 Kb4 42. Nc6+ Kc5 43. Ne7 Ba6+ 44. Kd2 d4 45. Nxg6 Kb4 46. Ne5 Bb5 47. f4 Kxa5 48. f5 1-0

[Event "WTCC-65 2018"]
[Site "Radebeul"]
[Date "2018.07.13"]
[Round "7"]
[White "Haakert, Juergen"]
[Black "Belinchis, Valerii"]
[Result "1/2-1/2"]
[ECO "A06"]
[WhiteElo "2302"]
[BlackElo "1881"]
[Annotator "NA"]
[PlyCount "57"]
[EventDate "2018.07.07"]
[EventType "team-tourn"]
[EventCountry "GER"]
[SourceTitle "playchess.com"]
[Source "ChessBase"]
[SourceQuality "1"]
[TimeControl "40/5400+30:1800+30"]

1. Nf3 d5 2. g3 c6 3. Bg2 Bg4 4. O-O Nd7 5. d3 e5 6. Nbd2 Ngf6 7. e4 dxe4 8. dxe4 Qc7 9. Qe1 Bc5 10. h3 Bxf3 11. Bxf3 O-O 12. Nc4 Rfe8 13. a4 b5 14. Ne3 a6 15. b4 Bd4 16. c3 Bxe3 17. Bxe3 Nb6 18. Bd1 Nc4 19. Bg5 Nd7 20. Bb3 h6 21. Bxc4 bxc4 22. Be3 c5 23. Qb1 a5 24. Rd1 Rab8 25. b5 Nb6 26. Qc2 Red8 27. f3 Qe7 28. Kf2 Rbc8 29. Ke2 1/2-1/2

[Event "WTCC-65 2018"]
[Site "Radebeul"]
[Date "2018.07.13"]
[Round "7"]
[White "Khanukov, Boris"]
[Black "Bosbach, Gerhard"]
[Result "1/2-1/2"]
[ECO "A46"]
[WhiteElo "2273"]
[BlackElo "2119"]
[Annotator "NA"]
[PlyCount "65"]
[EventDate "2018.07.07"]
[EventType "team-tourn"]
[EventCountry "GER"]
[SourceTitle "playchess.com"]
[Source "ChessBase"]
[SourceQuality "1"]
[TimeControl "40/5400+30:1800+30"]

1. d4 Nf6 2. Nf3 d5 3. g3 Bf5 4. Bg2 h6 5. c4 e6 6. Qb3 Qc8 7. Nc3 c6 8. Bf4 dxc4 9. Qxc4 Nbd7 10. O-O Be7 11. Rfe1 Ne4 12. Nd2 Nxd2 13. Bxd2 O-O 14. e4 Bg6 15. Ne2 Re8 16. Rac1 Nb6 17. Qb3 Qd8 18. Be3 Rc8 19. Nf4 Bh7 20. Red1 Rc7 21. a4 Bg5 22. a5 Nc8 23. a6 b6 24. h4 Bxf4 25. Bxf4 Rd7 26. d5 cxd5 27. exd5 e5 28. Bd2 Nd6 29. Bb4 Be4 30. Bh3 Bf5 31. Bg2 Be4 32. Bh3 Bf5 33. Bg2 1/2-1/2

[Event "WTCC-65 2018"]
[Site "Radebeul"]
[Date "2018.07.13"]
[Round "7"]
[White "Giffard, Nicolas"]
[Black "Steedman, James"]
[Result "1-0"]
[ECO "E12"]
[WhiteElo "2260"]
[BlackElo "2132"]
[Annotator "NA"]
[PlyCount "61"]
[EventDate "2018.07.07"]
[EventType "team-tourn"]
[EventCountry "GER"]
[SourceTitle "playchess.com"]
[Source "ChessBase"]
[SourceQuality "1"]
[TimeControl "40/5400+30:1800+30"]

1. d4 Nf6 2. c4 e6 3. Nf3 b6 4. a3 Bb7 5. Nc3 d5 6. cxd5 Nxd5 7. Qc2 Be7 8. Bd2 O-O 9. e4 Nxc3 10. Bxc3 c5 11. Rd1 Qc7 12. d5 exd5 13. exd5 Nd7 14. Bd3 g6 15. h4 Bxd5 16. h5 Rae8 17. hxg6 Bf6+ 18. Kf1 Bxf3 19. gxf7+ Rxf7 20. Bxh7+ Kf8 21. gxf3 Bxc3 22. Qxc3 Qe5 23. Bg6 Qe2+ 24. Kg2 Re5 25. Bxf7 Rg5+ 26. Kh3 Qxf2 27. Qh8+ Kxf7 28. Rxd7+ Ke6 29. Qe8+ Kf6 30. Qf7+ Ke5 31. Rd5# 1-0

[Event "WTCC-65 2018"]
[Site "Radebeul"]
[Date "2018.07.13"]
[Round "7"]
[White "Kierzek, Matthias"]
[Black "Zhelnin, Vladimir V"]
[Result "1/2-1/2"]
[ECO "E73"]
[WhiteElo "2247"]
[BlackElo "2453"]
[Annotator "RC"]
[PlyCount "53"]
[EventDate "2018.07.07"]
[EventType "team-tourn"]
[EventCountry "GER"]
[SourceTitle "playchess.com"]
[Source "ChessBase"]
[SourceQuality "1"]
[TimeControl "40/5400+30:1800+30"]

1. d4 Nf6 2. c4 d6 3. Nc3 g6 4. e4 Bg7 5. Be2 O-O 6. Bg5 c6 7. Qd2 a6 8. Rd1 b5 9. cxb5 axb5 10. a3 Na6 11. Nf3 b4 12. axb4 Nxb4 13. O-O Be6 14. e5 Nfd5 15. Ne4 dxe5 16. dxe5 Bf5 17. Ng3 Bg4 18. Bh6 Ra2 19. Bxg7 Kxg7 20. Qd4 Bxf3 21. Bxf3 Qb6 22. Qd2 e6 23. Nh5+ gxh5 24. Qg5+ Kh8 25. Bxd5 Nxd5 26. Rxd5 cxd5 27. Qf6+ 1/2-1/2

[Event "WTCC-65 2018"]
[Site "Radebeul"]
[Date "2018.07.13"]
[Round "7"]
[White "Povah, Nigel E"]
[Black "Dekan, Hans"]
[Result "1-0"]
[ECO "D00"]
[WhiteElo "2245"]
[BlackElo "2134"]
[Annotator "NA"]
[PlyCount "135"]
[EventDate "2018.07.07"]
[EventType "team-tourn"]
[EventCountry "GER"]
[SourceTitle "playchess.com"]
[Source "ChessBase"]
[SourceQuality "1"]
[TimeControl "40/5400+30:1800+30"]

1. d4 d5 2. Bf4 c6 3. e3 Bf5 4. c4 {[%emt 0:00:37] D00: 1 d4 d5: Unusual lines} e6 5. Nc3 Bd6 (5... Nd7 6. Qb3 Qb6 7. c5 Qxb3 8. axb3 a6 9. Nf3 h6 10. b4 Rc8 11. Nd2 f6 {1-0 (29) Grischuk,A (2774)-Bartel,M (2622) Berlin 2015}) 6. Qb3 b6 7. Bg3 Nf6 8. Nf3 Bxg3 9. hxg3 O-O $146 ({Predecessor:} 9... h6 10. Be2 O-O {0-1 (20) Pfeifer,A (2067)-Gromovs,S (2297) Venice 2011}) 10. Rc1 Re8 11. Be2 Nbd7 12. cxd5 exd5 13. a4 a5 14. O-O Qe7 15. Na2 c5 16. dxc5 bxc5 17. Bb5 Reb8 18. Nc3 c4 19. Qa2 Ne5 20. Rcd1 Nd3 21. Nd4 Bd7 22. b3 Nb4 23. Qa3 Rc8 24. bxc4 dxc4 25. Rd2 Be6 26. Rfd1 Bg4 27. Rc1 Be6 28. Rcd1 Bg4 29. Re1 Qc5 30. f3 Be6 31. Nxe6 fxe6 32. Ree2 Rd8 33. Qc1 Rd3 34. Nd1 Rad8 35. Bxc4 Kf8 36. Rxd3 Rxd3 37. Nb2 Rd6 38. Kf2 Nfd5 39. Qe1 Nb6 40. Bb5 Qe5 41. Rd2 Rd5 42. Rxd5 exd5 43. Qd2 Ke7 44. Nd3 Qd6 (44... Nxd3+ $16 {was worth a try.} 45. Qxd3 Qb2+ 46. Kg1 g6) 45. Qc3 Kf7 46. Qd4 Nc2 47. Qe5 Qxe5 48. Nxe5+ Ke6 49. Nc6 Nc4 50. Bxc4 dxc4 51. Nxa5 Kd5 52. Ke2 Kc5 53. Kd2 Na3 54. e4 Kb4 55. Nc6+ Kxa4 56. Kc3 Kb5 57. Nd4+ Kc5 58. Ne6+ Kb5 59. e5 Nb1+ 60. Kb2 Nd2 61. Nd4+ Kc5 {[%emt 0:01:17] [#]} 62. e6 $2 (62. Nf5 $1 $18) 62... Kxd4 $2 (62... Kd6 $14) 63. e7 Kd3 64. e8=Q c3+ 65. Ka2 c2 66. Qd7+ Ke2 67. Kb2 Kd1 68. Qa4 1-0

[Event "WTCC-65 2018"]
[Site "Radebeul"]
[Date "2018.07.13"]
[Round "7"]
[White "Kargoll, Herbert"]
[Black "Gruzmann, Boris"]
[Result "0-1"]
[ECO "B51"]
[WhiteElo "2230"]
[BlackElo "2176"]
[Annotator "NA"]
[PlyCount "114"]
[EventDate "2018.07.07"]
[EventType "team-tourn"]
[EventCountry "GER"]
[SourceTitle "playchess.com"]
[Source "ChessBase"]
[SourceQuality "1"]
[TimeControl "40/5400+30:1800+30"]

1. e4 c5 2. Nf3 d6 3. Bb5+ Nd7 4. O-O a6 5. Bxd7+ Bxd7 6. d4 cxd4 7. Qxd4 e5 8. Qd3 h6 9. c4 Rc8 10. Be3 Nf6 11. Nc3 Qc7 12. Nd2 Be6 13. Nd5 Bxd5 14. exd5 Be7 15. f3 O-O 16. Rac1 Qd7 17. b4 b5 18. Rfd1 bxc4 19. Nxc4 Qb5 20. a3 Rc7 21. Qb3 Rb8 22. Kf2 Bf8 23. Qa2 Rbc8 24. Na5 Rxc1 25. Bxc1 Qa4 26. Qb3 Qxb3 27. Nxb3 Rc3 28. Na5 Nxd5 29. Rxd5 Rxc1 30. Nb7 Rc7 31. Na5 Rc3 32. a4 Ra3 33. b5 axb5 34. Rxb5 Rxa4 35. Nc6 Rc4 36. Nb4 Rc5 37. Rb8 f5 38. Ke3 Kf7 39. Rb7+ Ke6 40. Na6 Ra5 41. Nc7+ Kd7 42. Nd5+ Kc6 43. Rf7 Kxd5 44. Rxf8 f4+ 45. Kf2 Ra2+ 46. Kg1 Ra7 47. g3 fxg3 48. hxg3 Kd4 49. Rb8 d5 50. Rb2 Kc3 51. Re2 Re7 52. Kf2 d4 53. Ra2 Rb7 54. Ra5 Rb2+ 55. Kf1 d3 56. Rxe5 Rb1+ 57. Kf2 d2 0-1

[Event "WTCC-65 2018"]
[Site "Radebeul"]
[Date "2018.07.13"]
[Round "7"]
[White "Nehmert, Ulrich"]
[Black "Donchenko, Anatoly"]
[Result "1-0"]
[ECO "B18"]
[WhiteElo "2220"]
[BlackElo "2301"]
[Annotator "NA"]
[PlyCount "77"]
[EventDate "2018.07.07"]
[EventType "team-tourn"]
[EventCountry "GER"]
[SourceTitle "playchess.com"]
[Source "ChessBase"]
[SourceQuality "1"]
[TimeControl "40/5400+30:1800+30"]

1. e4 c6 2. d4 d5 3. Nd2 dxe4 4. Nxe4 Bf5 5. Ng3 Bg6 6. h4 h6 7. h5 Bh7 8. Nf3 Nd7 9. Bd3 Bxd3 10. Qxd3 e6 11. Bf4 Qa5+ 12. c3 Ngf6 13. b4 Qa3 14. Qc2 a5 15. Bc1 axb4 16. Bxa3 Rxa3 17. cxb4 Bxb4+ 18. Nd2 Nd5 19. O-O Rc3 20. Qb2 N7b6 21. a3 Be7 22. Nge4 Rd3 23. Nc5 Rc3 24. Nde4 Rc4 25. Nxb7 O-O 26. Na5 Na4 27. Nxc4 Nxb2 28. Nxb2 Nf4 29. Rfd1 f5 30. Nc5 e5 31. Nbd3 Ne2+ 32. Kf1 Nc3 33. Nxe5 Nxd1 34. Rxd1 Ra8 35. Nxc6 Bd6 36. Ra1 Rc8 37. Nb4 Rb8 38. Nbd3 Bc7 39. Na6 1-0